AoeStats
← EXILE | Claire Redfield

Arabia

508980673Analyzed
1v1 RM · 6d ago on Sep 24, 2026· 28m 47s· 2 players
Game mode
Random Map
Map size
Tiny (2 player)
Population
200
Speed
Normal
Resources
Standard
Victory
Conquest
Starting age
Dark Age
Ending age
Imperial Age
RankedLock teamsTeams togetherTeam positionsShared explorationLock speedFull tech treeHidden civsTurbo modeCheats
Victory
Defeat
1076
+17
🇨🇱 Berbers · Chile
1088
-17
EXILE | Claire Redfield
4:27 Loom
9:45 Feudal Age
11:41 Bloodlines
14:52 Scale Barding Armor
16:19 Forging
17:55 Double-Bit Axe
19:26 Wheelbarrow
23:16 Castle Age
21:21 Horse Collar
23:43 Town Watch
23:56 Gold Mining
25:07 Chain Barding Armor
25:23 Iron Casting
25:38 Husbandry
JLlanqui
6:50 Loom
9:37 Feudal Age
10:28 Double-Bit Axe
18:49 Wheelbarrow
18:51 Horse Collar
22:23 Castle Age
24:36 Husbandry
28:34 Scale Barding Armor
Connection lost

Rejoining the realm…

Still unreachable

The connection could not be restored.

Session expired

The server has moved on; the page needs a fresh start.